 Dungeon Crawl Stone Soup version 0.29.1-13-g9f3cf754e1 (webtiles) character file.

Game seed: 8173507221850662671

76 Thatpatchoflichen the Shooter (level 4, -1/34 HPs)
             Began as a Human Hunter on Feb 7, 2023.
             Slain by an orc wizard
             ... wielding a +0 dagger
              (2 damage)
             ... on level 3 of the Dungeon.
             The game lasted 00:03:47 (2051 turns).

Thatpatchoflichen the Shooter (Human Hunter)        Turns: 2051, Time: 00:03:47

Health: -1/34      AC:  3    Str: 12    XL:     4   Next: 57%
Magic:  4/4        EV: 12    Int:  9    God:
Gold:   95         SH:  0    Dex: 18    Spells: 3/3 levels left

rFire   . . .      SeeInvis .   a - +0 shortbow
rCold   . . .      Faith    .   (shield currently unavailable)
rNeg    . . .      Spirit   .   c - +0 leather armour
rPois   .          Reflect  .   (no helmet)
rElec   .          Harm     .   (no cloak)
rCorr   .          Rampage  .   (no gloves)
Will    .....                   (no boots)
Stlth   +.........              (no amulet)
HPRegen 0.11/turn               (no ring)
MPRegen 0.09/turn               (no ring)

@: confused
A: no striking features
a: no special abilities


You were on level 3 of the Dungeon.
You visited 1 branch of the dungeon, and saw 3 of its levels.

You collected 95 gold pieces.

Inventory:

Hand Weapons
 a - a +0 shortbow (weapon)
Armour
 c - a +0 leather armour (worn)
Jewellery
 j - a +6 ring of strength
 n - a ring of fire
 p - a ring of willpower
Scrolls
 b - a scroll of immolation
 d - a scroll of fear {unknown}
 f - 3 scrolls of identify {unknown}
 h - a scroll of butterflies {unknown}
 k - a scroll of teleportation {unknown}
 o - a scroll of enchant weapon {unknown}
 q - a scroll of acquirement {unknown}
Potions
 e - a potion of attraction {unknown}
 g - a potion of berserk rage {unknown}
 i - 2 potions of lignification {unknown}
 l - a potion of haste {unknown}
 m - a potion of curing {unknown}


   Skills:
 + Level 2.8 Fighting
 + Level 4.4 Ranged Weapons
 + Level 1.6 Armour
 + Level 2.8 Dodging
 - Level 1.0 Stealth


You had 3 spell levels left.
You didn't know any spells.
Your spell library was empty.

Dungeon Overview and Level Annotations

Branches:
Dungeon (3/15)

Altars:

Shops:
D:1 ?


Message History

You shoot an arrow. The arrow hits the adder.
You kill the adder!
You feel sick.
The orc wizard hits you but does no damage.
An orc comes into view. It is wielding a +0 short sword.
Fire: a) +0 shortbow
Press: ? - help, Q - select action Shift-Dir - straight line, f - orc wizard
Aim: an orc wizard, wielding a +0 dagger and wearing a +0 robe (58% to hit)
You shoot an arrow. The arrow hits the orc wizard.
The orc wizard is lightly wounded.
You feel sick. The orc wizard misses you.
The orc wizard hits you with a +0 dagger.
* * * LOW HITPOINT WARNING * * *
Fire: a) +0 shortbow
Press: ? - help, Q - select action Shift-Dir - straight line, f/p - orc wizard
Aim: an orc wizard, wielding a +0 dagger and wearing a +0 robe (lightly wounded, 58% to hit)
You shoot an arrow.
The arrow hits the orc wizard but does no damage.
The orc wizard is lightly wounded.
You feel sick.
The orc wizard hits you but does no damage.
Fire: a) +0 shortbow
Press: ? - help, Q - select action Shift-Dir - straight line, f/p - orc wizard
Aim: an orc wizard, wielding a +0 dagger and wearing a +0 robe (lightly wounded, 58% to hit)
You shoot an arrow. The arrow hits the orc wizard!
The orc wizard is severely wounded.
You feel sick.
The orc wizard gestures at you while chanting.
You are confused.
Non-targeted confused fire: a) +0 shortbow
Press: ? - help, Q - select action Dir - look around, f - activate You shoot an arrow.
You feel sick.
You are no longer poisoned.
The orc wizard gestures at you while chanting.
The magic dart hits you.
* * * LOW HITPOINT WARNING * * *
An orc comes into view. It is wielding a +0 club.
The orc wizard hits you with a +0 dagger.
You die...

.# .# o ... [.#
..# #
....####.##.#
.....#.....# ..
♣.oo.##.## #.
#@.....#
##.##......#
#......#####
#.#........#
#.#.#.#.##.#####
#.#.#.#.##.# .
#.#.#......####
...
##.#...#.##....##
..
...............#


You could see an orc wizard and 2 orcs.

Vanquished Creatures
  3 adders
  A bat (D:1)
  4 endoplasms
  5 giant cockroaches
  5 hobgoblins
  4 jackals (D:1)
  6 kobolds
  3 quokkas (D:1)
  2 ball pythons
  A frilled lizard (D:1)
  4 goblins
  7 rats
45 creatures vanquished.

Notes
Turn   | Place    | Note
-------+----------+-------------------------------------------
     0 | D:1      | Thatpatchoflichen the Human Hunter began the quest for the
                  | Orb.
     0 | D:1      | Reached XP level 1. HP: 16/16 MP: 1/1
     3 | D:1      | Noticed an electric eel
     4 | D:1      | Noticed an electric eel
    66 | D:2      | Reached XP level 2. HP: 22/22 MP: 2/2
   284 | D:1      | Reached XP level 3. HP: 28/28 MP: 3/3
   306 | D:1      | Reached skill level 1 in Armour
   377 | D:1      | Found Xawest's Magic Scroll Shoppe.
  1208 | D:2      | Found a faded altar of an unknown god.
  1262 | D:2      | Reached XP level 4. HP: 34/34 MP: 4/4
  2051 | D:3      | HP: 1/34 [orc wizard/magic dart (5)]
  2051 | D:3      | Slain by an orc wizard

Illustrated notes

Levels and vault maps discovered:
D:1:      arrival_aquarium_b, layout_rooms, serial_shops, nicolae_shop_stone,
          grunt_decor_arrowhead, chequers_big_river
D:2:      minmay_chambers_of_twos, layout_basic, ebering_ecumenical_altar_box
D:3:      layout_basic, grunt_ministairs_13

Skill      XL: |  1  2  3 |
---------------+----------+-----
Armour         | 1 |  1.6
Fighting       | |  2.8
Ranged Weapons | |  4.4
Dodging        | |  2.8
Stealth        | |  1.0

Action                   |  1- 3 |  4- 6 || total
-------------------------+-------+-------++-------
 Fire: Shortbow          |    64 |    35 ||    99
Armor: Leather armour    |     5 |     8 ||    13
Dodge: Dodged            |    20 |    11 ||    31
